 Dungeon Crawl Stone Soup version 0.28.0-49-g6dfe1f597d (webtiles) character file.

Game seed: 10975632536482813058

33 Spectrina the Slasher (level 3, 0/22 HPs)
             Began as a Deep Elf Monk on May 11, 2022.
             Succumbed to an adder's poison
             ... on level 2 of the Dungeon.
             The game lasted 00:06:40 (510 turns).

Spectrina the Slasher (Deep Elf Monk)                Turns: 510, Time: 00:06:41

Health: 0/22       AC:  5    Str: 10    XL:     3   Next: 12%
Magic:  5/5        EV: 11    Int: 14    God:
Gold:   86         SH:  0    Dex: 17    Spells: 2/2 levels left

rFire   . . .      SeeInvis .   a - +0 falchion
rCold   . . .      Faith    .   (no shield)
rNeg    . . .      Spirit   .   e - +0 ring mail
rPois   .          Reflect  .   (no helmet)
rElec   .          Harm     .   (no cloak)
rCorr   .          Rampage  .   (no gloves)
Will    .....                   (no boots)
Stlth   ++........              (no amulet)
HPRegen 0.07/turn               (no ring)
MPRegen 0.09/turn               (no ring)

@: brilliant, lethally poisoned (0 -> -5)
A: no striking features
a: no special abilities


You were on level 2 of the Dungeon.
You visited 1 branch of the dungeon, and saw 4 of its levels.

You collected 86 gold pieces.

Inventory:

Hand Weapons
 a - a +0 falchion (weapon)
Missiles
 d - 29 bolts
 f - 21 arrows
Armour
 b - a +0 robe
 e - a +0 ring mail (worn)
Magical Staves
 k - a staff of death
Jewellery
 g - a ring of resist corrosion
Wands
 i - a wand of charming (6)
Scrolls
 c - a scroll of blinking {unknown}
 j - a scroll of enchant armour {unknown}


   Skills:
 - Level 2.4 Fighting
 + Level 3.9 Long Blades
 - Level 3.6 Dodging
 - Level 2.4 Stealth


You had 2 spell levels left.
You didn't know any spells.
Your spell library was empty.

Dungeon Overview and Level Annotations

Branches:
Dungeon (4/15)
 Temple: D:4-7

Altars:


Message History

The giant cockroach is severely wounded.
The giant cockroach bites you but does no damage.
The giant cockroach bites you.
* * * LOW HITPOINT WARNING * * *
You hit the giant cockroach but do no damage.
Your punch misses the giant cockroach.
The giant cockroach is severely wounded.
The giant cockroach bites you but does no damage.
You hit the giant cockroach.
You kill the giant cockroach!
An adder comes into view.
The adder hisses angrily.
Okay, then.
It was a potion of magic.
Magic courses through your body.
You miss the adder. The adder bites you but does no damage.
The adder bites you.
* * * LOW HITPOINT WARNING * * *
You barely miss the adder. The adder bites you but does no damage.
You closely miss the adder. The adder closely misses you.
The adder barely misses you.
You hit the adder.
The adder is lightly wounded.
The adder bites you.
* * * LOW HITPOINT WARNING * * *
It was a potion of brilliance.
You feel clever all of a sudden. The adder bites you but does no damage.
You closely miss the adder.
The adder is lightly wounded.
The adder closely misses you. The adder barely misses you.
You hit the adder.
The adder is heavily wounded.
The adder bites you.
* * * LOW HITPOINT WARNING * * *
You are lethally poisoned!
The adder poisons you!
Okay, then.
You miss the adder.
The adder is heavily wounded.
You die...

.####
#.......##
....# #
#..####.# .##.#
#. #..##...# .#
# ##..#.....###
.# .......#..#
.. #........###
.# #..##......#
.. #.#..#.#####
#.
.##.#.@......#
........S..####
#.####.##..#
####..# ##.#
#.# #.# #.# ..#
#.#


You could see an adder.

Vanquished Creatures
  A howler monkey skeleton (D:4)
  A worm (D:2)
  3 endoplasms
  A giant cockroach (D:2)
  A goblin (D:2)
  A hobgoblin (D:3)
  2 jackals (D:2)
  2 ball pythons (D:2)
  6 bats
  A frilled lizard (D:2)
  2 rats
21 creatures vanquished.

Notes
Turn   | Place    | Note
-------+----------+-------------------------------------------
     0 | D:1      | Spectrina the Deep Elf Monk began the quest for the Orb.
     0 | D:1      | Reached XP level 1. HP: 13/13 MP: 3/3
     7 | D:1      | You fall into a shaft and drop 1 floor!
   121 | D:4      | Reached XP level 2. HP: 16/18 MP: 4/4
   411 | D:2      | Reached XP level 3. HP: 6/22 MP: 5/5
   510 | D:2      | Succumbed to an adder's poison

Illustrated notes

Levels and vault maps discovered:
D:1:      roderic_octagonal_star, layout_loops_ring, serial_shops,
          nicolae_shop_statue_plus
D:2:      layout_basic, shapermc_ecumenical_altar_mp_highgroup,
          minmay_joined_circles
D:3:      layout_loops_ring
D:4:      layout_cave_pods, mainiacjoe_overflow_24_doors

Skill      XL: |  1 |
---------------+----+-----
Long Blades    | 3 |  3.9
Fighting       | |  2.4
Dodging        | |  3.6
Stealth        | |  2.4

Action                   || total
-------------------------++-------
Melee: Falchion          ||    80
  Use: Potion            ||     3
 Stab: Sleeping          ||     4
Armor: Robe              ||    14
       Ring mail         ||    36
Dodge: Dodged            ||    58
